 Dungeon Crawl Stone Soup version 0.31-a0-263-ge8cad7f256 (webtiles) character file.

Game seed: 16545527381006918723

8556 Pooter the Skirmisher (level 11, -22/148 HPs)
             Began as a Minotaur Hunter on July 12, 2023.
             Was a Priest of Trog.
             Annihilated by a komodo dragon (26 damage)
             ... on level 11 of the Dungeon on July 13, 2023.
             The game lasted 00:46:58 (11080 turns).

Pooter the Skirmisher (Minotaur Hunter)            Turns: 11080, Time: 00:46:59

Health: -22/148    AC: 16    Str: 17    XL:     11   Next: 11%
Magic:  10/10      EV:  5    Int:  6    God:    Trog [***...]
Gold:   509        SH:  0    Dex: 17    Spells: 10/10 levels left

rFire   . . .        a - +0 war axe (vamp)
rCold   . . .        (no shield)
rNeg    . . .        N - +0 plate armour
rPois   .            (helmet restricted)
rElec   .            z - +2 cloak
rCorr   +            j - +0 pair of gloves
SInv    .            x - +1 pair of boots
Will    .....        c - amulet of the acrobat Stlth
                     C - ring of resist corrosion
HPRegen 0.44/turn    (no ring)
MPRegen 0.12/turn

%: acrobat
@: berserking, very quick
A: horns 2, retaliatory headbutt
a: Renounce Religion, Berserk, Trog's Hand


You were on level 11 of the Dungeon.
You worshipped Trog.
Trog was most pleased with you.
You visited 2 branches of the dungeon, and saw 12 of its levels.
You also visited: Ossuary.

You collected 509 gold pieces.

Inventory:

Hand Weapons
 a - a +0 vampiric war axe (weapon)
   (You found it on level 6 of the Dungeon)
 b - a +0 arbalest of draining
   (You found it on level 6 of the Dungeon)
 s - a +0 broad axe
   (You took it off an orc warrior on level 10 of the Dungeon)
 v - a +0 halberd
   (You took it off a gnoll on level 3 of the Dungeon)
 F - a +2 flail of holy wrath
   (You found it on level 9 of the Dungeon)
Missiles
 u - 21 poisoned darts (quivered)
 G - a throwing net {!f}
 Q - 115 stones
Armour
 j - a +0 pair of gloves (worn)
   (You found it on level 2 of the Dungeon)
 x - a +1 pair of boots (worn)
   (You found it on level 7 of the Dungeon)
 z - a +2 cloak (worn)
   (You found it on level 4 of the Dungeon)
 N - a +0 plate armour (worn)
   (You took it off an orc warrior on level 10 of the Dungeon)
Jewellery
 c - an amulet of the acrobat (around neck)
   (You found it on level 6 of the Dungeon)
 k - a +6 ring of intelligence
   (You found it on level 2 of the Dungeon)
 C - a ring of resist corrosion (left hand)
   (You found it on level 8 of the Dungeon)
Talismans
 J - a beast talisman
   (You found it on level 6 of the Dungeon)
Wands
 d - a wand of iceblast (4)
   (You found it on level 6 of the Dungeon)
 r - a wand of charming (22)
   (You found it on level 3 of the Dungeon)
 D - a wand of digging (7)
   (You found it on level 9 of the Dungeon)
 H - a wand of light (9)
   (You found it on level 7 of the Dungeon)
Scrolls
 e - 2 scrolls of butterflies
 n - a scroll of amnesia
 o - a scroll of vulnerability {!r}
 p - a scroll of fear
 t - 3 scrolls of teleportation {@r4}
 y - a scroll of blinking
 A - 3 scrolls of silence
 I - a scroll of poison {!r}
Potions
 f - 7 potions of curing {@q1}
 g - a potion of enlightenment {unknown}
 h - a potion of magic
 i - a potion of might {unknown}
 l - 2 potions of cancellation
 m - 9 potions of heal wounds {@q2}
 q - 2 potions of attraction {unknown}
 w - 4 potions of haste {@q3}
 B - 3 potions of mutation {!q}
 E - 2 potions of lignification {!q}
 K - a potion of ambrosia {unknown}
 L - 2 potions of degeneration {unknown}


   Skills:
 + Level 10.1 Fighting
 - Level 4.0 Short Blades
 * Level 10.9 Axes
 - Level 1.2(7.0) Polearms
 * Level 13.2 Ranged Weapons
 - Level 2.1 Dodging
 - Level 0.7 Stealth


You had 10 spell levels left.
You didn't know any spells.
Your spell library was empty.

Dungeon Overview and Level Annotations

Branches:
Dungeon (11/15) Zot: 26931  Temple (1/1) D:4 Zot: 5976 Ossuary (visited)
   Lair: D:8-11         Orc: D:9-12

Altars:
Dithmenos
Elyvilon
Gozag
Hepliaklqana
Kikubaaqudgha
Nemelex Xobeh
Okawaru
Qazlal
Ru
Sif Muna
Trog
Uskayaw
Vehumet
Wu Jian
Yredelemnul

Shops:
D:1 [   D:6 [

Annotations:
D:3 1 transporter, Fractals's ghost, weakling DrVM
D:8 1 runed translucent door, DivineBovine's ghost, novice TrSh


Innate Abilities, Weirdness & Mutations

You have a pair of horns on your head.
You reflexively headbutt those who attack you in melee.


Message History

You climb downwards.
There is a stone staircase leading up here.
Found a runed short sword.
Found a falchion.
You see here a +2 short sword of venom.
A komodo dragon comes into view.
The komodo dragon hisses angrily.
You shoot a bolt. The bolt hits the komodo dragon.
You shoot a bolt.
The bolt hits the komodo dragon but does no damage.
You shoot a bolt.
The bolt barely misses the komodo dragon.
The komodo dragon bites you but does no damage.
You feel a sense of dread.
a - a +0 vampiric war axe (weapon)
You slash the komodo dragon!
The komodo dragon bites you but does no damage.
You barely miss the komodo dragon.
The komodo dragon bites you but does no damage.
You hit the komodo dragon but do no damage.
The komodo dragon bites you!
You hit the komodo dragon but do no damage.
The komodo dragon bites you but does no damage.
You hit the komodo dragon.
The komodo dragon bites you but does no damage.
You hit the komodo dragon.
You feel better.
The komodo dragon bites you but does no damage.
You hit the komodo dragon. The komodo dragon bites you!
You hit the komodo dragon but do no damage.
The komodo dragon bites you.
You slash the komodo dragon! Your headbutt misses the komodo dragon.
The komodo dragon hisses menacingly.
The komodo dragon bites you!
You are too injured to fight recklessly!
You are too injured to fight recklessly!
You are too injured to fight recklessly!
You barely miss the komodo dragon. You hit the komodo dragon.
Your headbutt misses the komodo dragon. The komodo dragon bites you!!
* * * LOW HITPOINT WARNING * * *
You barely miss the komodo dragon. The komodo dragon barely misses you.
You closely miss the komodo dragon. The komodo dragon barely misses you.
You hit the komodo dragon but do no damage.
The komodo dragon bites you!!
* * * LOW HITPOINT WARNING * * *
You barely miss the komodo dragon. The komodo dragon bites you!!
* * * LOW HITPOINT WARNING * * *
A red film seems to cover your vision as you go berserk!
You feel yourself moving faster!
You feel mighty! The komodo dragon bites you!!
You die...

#####.#........#
#####.#.######.#
....#.#.######.#
##..........##.###
#.....#.###......#
##....#.# ####.#.#
).....#.# #.#.#
###.###.######.#.#
#. #........#@# #+
##########l# #.#
#.# #.# ... ...
...


You could see a komodo dragon.

Vanquished Creatures
  2 two-headed ogres (D:10)
  A gargoyle (D:10)
  A hornet (D:9)
  A steam dragon (D:7)
  26 yaks
  3 orc warriors
  A black bear (D:4)
  An ice beast (D:5)
  2 centaurs
  A phantom (D:7)
  2 kobold brigands
  2 elf zombies (Ossuary)
  3 bullfrogs
  4 scorpions
  6 wights
  5 killer bees (D:10)
  6 howler monkeys
  6 hounds
  2 centaur zombies (Ossuary)
  An orc priest (D:9)
  A gnoll bouda (D:6)
  5 jellies
  2 iguanas
  3 orc wizards
  2 mummies (Ossuary)
  Robin (D:3)
  9 adders
  6 gnolls
  3 white imps
  2 ufetubi (D:7)
  An adder zombie (Ossuary)
  A worm (D:2)
  3 dart slugs
  19 orcs
  4 endoplasms
  2 giant cockroaches
  17 goblins
  7 hobgoblins
  5 jackals (D:3)
  4 quokkas
  6 ball pythons
  7 bats
  8 frilled lizards
  2 goblin zombies (Ossuary)
  10 hobgoblin zombies (Ossuary)
  2 jackal zombies (Ossuary)
  16 kobolds
  10 kobold zombies (Ossuary)
  7 orc zombies (Ossuary)
  6 rats
  A butterfly (D:1)
248 creatures vanquished.

Notes
Turn   | Place    | Note
-------+----------+-------------------------------------------
     0 | D:1      | Pooter the Minotaur Hunter began the quest for the Orb.
     0 | D:1      | Reached XP level 1. HP: 18/18 MP: 0/0
    73 | D:1      | Reached XP level 2. HP: 25/25 MP: 1/1
   114 | D:1      | Found Bedd's Antique Armour Boutique.
   260 | D:1      | Reached skill level 5 in Ranged Weapons
   682 | D:2      | Reached XP level 3. HP: 26/31 MP: 2/2
  1575 | D:3      | Reached XP level 4. HP: 39/39 MP: 3/3
  1641 | D:3      | Found a shadowy altar of Dithmenos.
  1720 | D:3      | Found a transporter.
  1721 | D:3      | Noticed Fractals's ghost (weakling DrVM)
  1723 | D:3      | Identified the +9 great mace "Banoth" {drain, *Slow rPois
                  | rCorr Str+6}
  1723 | D:3      | Noticed an ogre
  1751 | D:3      | Reached skill level 6 in Ranged Weapons
  2182 | D:3      | Noticed Robin
  2185 | D:3      | Reached XP level 5. HP: 46/46 MP: 4/4
  2193 | D:3      | Killed Robin
  2194 | D:3      | Reached skill level 1 in Polearms
  2294 | D:3      | Identified the +0 ring mail "Masaed" {Rampage +Blink Int-3
                  | Dex+3}
  2605 | D:4      | Found a staircase to the Ecumenical Temple.
  2618 | Temple   | Entered the Ecumenical Temple
  2630 | Temple   | Became a worshipper of Trog the Wrathful
  2661 | D:4      | Found a white marble altar of Elyvilon.
  2665 | D:4      | Found an ornate altar of the Wu Jian Council.
  2695 | D:4      | Reached skill level 1 in Short Blades
  2723 | D:4      | Reached XP level 6. HP: 45/53 MP: 5/5
  2813 | D:4      | Found a stormy altar of Qazlal.
  2880 | D:4      | Reached skill level 7 in Ranged Weapons
  3140 | D:4      | Reached skill level 5 in Fighting
  3252 | D:5      | Entered Level 5 of the Dungeon
  3357 | D:5      | Reached XP level 7. HP: 38/61 MP: 6/6
  3359 | D:5      | Reached * piety under Trog
  3542 | D:5      | Found a radiant altar of Vehumet.
  3797 | D:5      | Reached skill level 8 in Ranged Weapons
  4299 | D:6      | Found Nohy's Antique Armour Emporium.
  4407 | D:6      | Reached XP level 8. HP: 62/70 MP: 7/7
  4743 | D:6      | Reached skill level 1 in Axes
  4743 | D:6      | Reached skill level 9 in Ranged Weapons
  5401 | D:7      | Found a sand-covered staircase.
  5409 | Ossuary  | Entered an ossuary
  5464 | Ossuary  | Reached ** piety under Trog
  5813 | D:7      | Reached skill level 5 in Axes
  5813 | D:7      | Reached skill level 10 in Ranged Weapons
  5813 | D:7      | Reached XP level 9. HP: 69/79 MP: 8/8
  5824 | D:7      | HP: 1/80 [yak (5)]
  7024 | D:8      | Found a runed translucent door.
  7025 | D:8      | Noticed DivineBovine's ghost (novice TrSh)
  7910 | D:9      | Reached skill level 11 in Ranged Weapons
  8104 | D:9      | Paralysed by a hornet for 3 turns
  8108 | D:9      | Reached XP level 10. HP: 13/90 MP: 9/9
  8405 | D:9      | Reached skill level 12 in Ranged Weapons
  9084 | D:10     | Entered Level 10 of the Dungeon
  9290 | D:10     | Reached *** piety under Trog
  9388 | D:10     | Noticed a two-headed ogre
  9395 | D:10     | Killed a two-headed ogre
  9907 | D:10     | Reached skill level 10 in Axes
  9993 | D:10     | Found an opulent altar of Gozag.
 10042 | D:10     | Found a hazy altar of Hepliaklqana.
 10122 | D:10     | Noticed a gargoyle
 10131 | D:10     | Killed a gargoyle
 10132 | D:10     | Reached skill level 13 in Ranged Weapons
 10371 | D:10     | Reached XP level 11. HP: 86/99 MP: 10/10
 10377 | D:10     | Reached skill level 10 in Fighting
 10757 | D:10     | Noticed a two-headed ogre
 10765 | D:10     | Killed a two-headed ogre
 11012 | D:10     | Upgraded the game from 0.31-a0-246-g8cbcc1cb85 to
                  | 0.31-a0-263-ge8cad7f256
 11079 | D:11     | HP: 2/99 [komodo dragon (19)]
 11080 | D:11     | Annihilated by a komodo dragon

Illustrated notes

Levels and vault maps discovered:
D:1:      psy_arrival_conway, layout_basic, serial_shops,
          nicolae_shop_window_shopping, hangedman_glass_garden, kennysheep_boxes
D:2:      layout_loops_ring
D:3:      layout_basic, lemuel_crystal_altar, gammafunk_ghost_smash,
          hangedman_decor_clover_reticule, skrybe_limestone_x, uniq_robin
D:4:      layout_basic, mainiacjoe_overflow_tiny_flanked, elyvilon_altar_5,
          mainiacjoe_overflow_concentric_impassable,
          minmay_temple_entry_antechambers
D:5:      layout_basic, nicolae_vehumet_radiance, minivault_27,
          grunt_decor_mini_mirrors
D:6:      layout_gridville, nicolae_stop_n_shop_1, minmay_quadrilaterals
D:7:      layout_rooms, enter_ossuary_3
D:8:      layout_layer_cave, hellmonk_ghost_big_iron
D:9:      layout_irregular_city
D:10:     layout_basic, nicolae_gozag_seed_capital, nzn_hepliaklqana_mist_gate
D:11:     layout_loops_corners, david_lair_shrubbed, grunt_decor_fettered,
          uniq_sonja, uniq_urug
Temple:   eino_wide_crystal_templ

Skill      XL: |  1  2  3  4  5  6  7  8  9 10 11 |
---------------+----------------------------------+-----
Fighting       | 3 4 5 6 7 8 9 10 | 10.1
Ranged Weapons | 5 6 7 8 10 11 13 | 13.2
Polearms       | 1 |  1.2
Short Blades   | 1 2 3 4 |  4.0
Axes           | 5 8 10 | 10.9
Dodging        | |  2.1
Stealth        | |  0.7

Action                     |  1- 3 |  4- 6 |  7- 9 | 10-12 || total
---------------------------+-------+-------+-------+-------++-------
  Melee: Dagger            |    12 |       |       |       ||    12
         Headbutt          |     1 |    13 |    50 |    31 ||    95
         Hand axe          |     2 |     8 |       |       ||    10
         Halberd           |       |    22 |       |       ||    22
         Short sword       |       |    40 |    53 |       ||    93
         War axe           |       |       |   146 |   112 ||   258
         Punch             |       |       |     3 |     2 ||     5
   Fire: Shortbow          |   111 |    80 |     7 |       ||   198
         Arbalest          |       |       |    70 |    73 ||   143
         Orcbow            |       |       |     5 |       ||     5
  Throw: Dart              |       |     4 |       |       ||     4
 Invoke: Trog's Hand       |       |       |     6 |     4 ||    10
         Berserk           |       |       |     3 |     2 ||     5
    Use: Scroll            |     5 |     3 |     9 |     6 ||    23
 Armour: Leather armour    |     3 |       |       |       ||     3
         Scale mail        |       |    16 |       |       ||    16
         Chain mail        |       |    60 |   161 |    56 ||   277
         Plate armour      |       |       |       |    46 ||    46
  Dodge: Dodged            |    23 |    52 |   107 |    39 ||   221
         Form:             |       |       |     2 |       ||     2
         Beast             |       |       |     2 |       ||     2

Table legend: (Time is in decaauts)
 A = Elapsed time spent in this place.
 B = Non-inter-level travel time spent in this place.
 C = Inter-level travel time spent in this place.
 D = Time resting spent in this place.
 E = Time spent auto-exploring this place.
 F = Levels seen in this place.
 G = Mean time per level.
                   A        B        C        D        E       F      G
               +--------+--------+--------+--------+--------+-----+--------+
         Total |  11296 |  11085 |    211 |   2369 |   6808 |  13 |  868.9 |
       Dungeon |  10844 |  10643 |    201 |   2366 |   6578 |  11 |  985.8 |
        Temple |     23 |     13 |     10 |      0 |      4 |   1 |   23.0 |
       Ossuary |    428 |    428 |      0 |      3 |    226 |   1 |  428.0 |
               +--------+--------+--------+--------+--------+-----+--------+

Top non-repeatable levels by time:
    D:10: 1963 daAuts
     D:8: 1296 daAuts
     D:9: 1215 daAuts
     D:7: 1118 daAuts
     D:3: 1115 daAuts
     D:5: 1018 daAuts
     D:6: 881 daAuts
     D:2: 793 daAuts
     D:4: 754 daAuts
     D:1: 621 daAuts
 Ossuary: 428 daAuts
    D:11: 67 daAuts
  Temple: 23 daAuts
